 Dungeon Crawl Stone Soup version 0.29.1-13-g9f3cf754e1 (webtiles) character file.

Game seed: 644128854905711254

1213 tizbic2 the Cudgeller (level 8, 0/106 HPs)
             Began as a Minotaur Hunter on Feb 11, 2023.
             Was an Initiate of the Shining One.
             Slain by a shadow wraith (17 damage)
             ... created by the anger of Yredelemnul
             ... on level 5 of the Dungeon.
             The game lasted 00:19:45 (3728 turns).

tizbic2 the Cudgeller (Minotaur Hunter)             Turns: 3728, Time: 00:19:46

Health: 0/106      AC: 14    Str: 19    XL:     8   Next: 22%
Magic:  7/7        EV: 12    Int:  6    God:    the Shining One [......]
Gold:   42         SH:  0    Dex: 15    Spells: 7/7 levels left

rFire   . . .      SeeInvis .   l - +2 whip (flame)
rCold   . . .      Faith    .   (no shield)
rNeg    . . .      Spirit   .   A - +0 chain mail
rPois   .          Reflect  .   (helmet restricted)
rElec   .          Harm     .   f - +1 cloak
rCorr   +          Rampage  .   (no gloves)
Will    .....                   p - +1 pair of boots
Stlth   ..........              (no amulet)
HPRegen 0.27/turn               c - ring "Xaseig" {rCorr EV+4}
MPRegen 0.10/turn               F - +4 ring of slaying

@: mighty, berserking, slowed, glowing
A: horns 2, retaliatory headbutt, claws 1, thin skeletal structure 1, passive
freeze
a: Renounce Religion


You were on level 5 of the Dungeon.
You worshipped the Shining One.
The Shining One was noncommittal.
You visited 1 branch of the dungeon, and saw 5 of its levels.

You collected 201 gold pieces.
You spent 159 gold pieces at shops.

Inventory:

Hand Weapons
 k - a +0 antimagic dagger
 l - a +2 whip of flaming (weapon)
 q - a +1 morningstar
 w - a +0 shortbow
Missiles
 g - a throwing net
 t - 3 javelins
 u - 21 stones
 v - 2 silver boomerangs
Armour
 e - a +0 ring mail
 f - a +1 cloak (worn)
 p - a +1 pair of boots (worn)
 A - a +0 chain mail (worn)
Jewellery
 c - the ring "Xaseig" (left claw) {rCorr EV+4}
   (You found it on level 4 of the Dungeon)

   [ring of evasion]

   EV:        It affects your evasion (+4).
   rCorr:     It protects you from acid and corrosion.
 F - a +4 ring of slaying (right claw)
Wands
 G - a wand of roots (9)
Scrolls
 b - a scroll of immolation
 j - a scroll of acquirement {unknown}
 n - a scroll of silence {unknown}
 o - a scroll of fog {unknown}
 r - a scroll of magic mapping {unknown}
 y - 2 scrolls of noise {unknown}
 B - 5 scrolls of teleportation
 C - a scroll of brand weapon {unknown}
 D - a scroll of poison {unknown}
Potions
 a - 2 potions of might
 d - a potion of lignification
 h - 2 potions of flight
 i - a potion of haste
 m - a potion of magic
 s - a potion of brilliance
 x - a potion of berserk rage
 z - a potion of invisibility
 E - a potion of curing {unknown}
 H - a potion of ambrosia {unknown}
 I - a potion of cancellation {unknown}


   Skills:
 + Level 6.3 Fighting
 * Level 7.7 Maces & Flails
 - Level 5.4 Ranged Weapons
 + Level 5.2 Armour
 - Level 2.2 Dodging
 - Level 0.8 Stealth
 + Level 0.0 Unarmed Combat


You had 7 spell levels left.
You didn't know any spells.
Your spell library contained the following spells:

 Spells                   Type           Power      Damage    Failure   Level
 Apportation              Tloc           0%         N/A       99%         1
 Static Discharge         Conj/Air       0%         3-3/arc   100%        2
 Dispel Undead            Necr           0%         3d6       100%        4
 Sticky Flame             Conj/Fire      0%         2d3       100%        4
 Alistair's Intoxication  Tmut/Pois      0%         N/A       100%        5


Dungeon Overview and Level Annotations

Branches:
Dungeon (5/15)
 Temple: D:4-7

Altars:
Dithmenos
Elyvilon
Uskayaw
Yredelemnul
Zin
The Shining One

Shops:
D:3 ?


Innate Abilities, Weirdness & Mutations

You have a pair of horns on your head.
You reflexively headbutt those who attack you in melee.
You have sharp fingernails.
You have a somewhat thin skeletal structure. (Dex +2, Stealth+)
A frigid envelope surrounds you and freezes all who hurt you.


Message History

You hit the shadow wraith but do no damage.
The shadow wraith is lightly damaged.
The bog body touches you. The bog body freezes you!!
The bog body resists.
The bog body is very cold.
The bog body is lightly damaged.
The shadow wraith completely misses you.
You hit the shadow wraith. You burn the shadow wraith.
You headbutt the shadow wraith, but do no damage.
The shadow wraith is lightly damaged.
The bog body touches you but does no damage.
The bog body resists.
The bog body is very cold.
The bog body is lightly damaged.
The shadow wraith completely misses you.
You hit the shadow wraith. You burn the shadow wraith.
The shadow wraith is moderately damaged.
Unknown command.
You hit the shadow wraith. You burn the shadow wraith.
You headbutt the shadow wraith!
The shadow wraith is heavily damaged.
The shadow wraith barely misses you.
The bog body points at you and mumbles some strange words.
You struggle to resist.
Unknown command.
You hit the shadow wraith. You burn the shadow wraith.
The shadow wraith is heavily damaged.
The shadow wraith hits you. The shadow wraith drains your vigour!
You feel yourself slow down.
The shadow wraith is very cold.
The shadow wraith is heavily damaged.
The bog body touches you. The bog body freezes you!
* * * LOW HITPOINT WARNING * * *
The bog body resists.
The bog body is very cold.
The bog body is moderately damaged.
You feel very mighty all of a sudden. The shadow wraith closely misses you.
The bog body touches you but does no damage.
The bog body resists.
The bog body is very cold.
The bog body is moderately damaged.
A red film seems to cover your vision as you go berserk!
You feel yourself moving faster!
You feel mighty! The shadow wraith hits you!
You die...

.#
#.#......##.....#############
.# #.#......##.....### ##
#.#......##........
#.#......##........
#.#......##........
#.#.................
#.#......##.......[.
#.#......####+#.....
#..........W@n......
###....#####.##..... #.....#
#... ... #...#....###... .
#...##...# ..... #...# ...#
#### . #...# ##..# . #...#
#.# .. ..


You could see a shadow wraith (invisible) and a bog body.

Vanquished Creatures
  The ghost of sigtrap the Ducker, an amateur DsGl (D:4)
  Sigmund (D:4)
  A phantom (D:5)
  2 necrophages (D:4)
  A gnoll bouda (D:5)
  A hound (D:5)
  An orc priest (D:3)
  3 jellies (D:4)
  Jessica (D:3)
  Natasha (thrice) (D:4)
  11 gnolls
  8 adders
  An ufetubus (D:4)
  2 worms
  4 dart slugs
  5 orcs (D:3)
  5 ball pythons
  6 bats
  8 endoplasms
  4 giant cockroaches
  5 goblins
  7 hobgoblins
  2 jackals (D:1)
  7 quokkas
  5 frilled lizards
  5 kobolds
  5 rats
105 creatures vanquished.

Vanquished Creatures (collateral kills)
  A centaur (D:4)
  A gnoll (D:4)
  A dart slug (D:3)
  A ball python (D:4)
  2 bats (D:2)
  A hobgoblin (D:3)
  2 kobolds (D:4)
9 creatures vanquished.

Vanquished Creatures (others)
  A centaur zombie (D:4)
  A jelly zombie (D:4)
  A felid zombie (D:4)
  2 bat zombies
  2 gnoll zombies (D:4)
  2 ball python zombies
  A dart slug zombie (D:2)
  A giant cockroach zombie (D:4)
  A hobgoblin zombie (D:4)
  A kobold zombie (D:3)
  2 orc zombies (D:3)
  A quokka zombie (D:4)
  2 plants (D:3)
18 creatures vanquished.

Grand Total: 132 creatures vanquished

Notes
Turn   | Place    | Note
-------+----------+-------------------------------------------
     0 | D:1      | tizbic2 the Minotaur Hunter began the quest for the Orb.
     0 | D:1      | Reached XP level 1. HP: 18/18 MP: 0/0
   179 | D:1      | Reached XP level 2. HP: 25/25 MP: 1/1
   322 | D:1      | Found a faded altar of an unknown god.
   325 | D:1      | Prayed at the altar of an unknown god.
   325 | D:1      | Became a worshipper of Yredelemnul the Dark
   325 | D:1      | Reached * piety under Yredelemnul
   401 | D:1      | Reached skill level 5 in Ranged Weapons
   586 | D:1      | Reached ** piety under Yredelemnul
   663 | D:1      | Reached XP level 3. HP: 31/31 MP: 2/2
   806 | D:2      | Reached skill level 1 in Maces & Flails
  1052 | D:2      | Reached XP level 4. HP: 38/38 MP: 3/3
  1137 | D:2      | Found a shadowy altar of Dithmenos.
  1394 | D:3      | Reached skill level 2 in Maces & Flails
  1394 | D:3      | Reached skill level 1 in Armour
  1504 | D:3      | Reached XP level 5. HP: 33/46 MP: 4/4
  1637 | D:3      | Found Kuileyf's Magic Scroll Shoppe.
  1653 | D:3      | Bought a scroll of enchant weapon for 82 gold pieces
  1689 | D:3      | Noticed Jessica
  1693 | D:3      | Killed Jessica
  1694 | D:3      | Reached skill level 3 in Maces & Flails
  2196 | D:4      | Identified the ring "Xaseig" {rCorr EV+4}
  2218 | D:4      | Reached skill level 4 in Maces & Flails
  2218 | D:4      | Reached XP level 6. HP: 46/53 MP: 5/5
  2362 | D:4      | Noticed Natasha
  2366 | D:4      | Killed Natasha
  2376 | D:4      | Reached skill level 5 in Maces & Flails
  2380 | D:4      | Reached skill level 5 in Fighting
  2380 | D:4      | Reached XP level 7. HP: 29/61 MP: 6/6
  2382 | D:4      | Reached *** piety under Yredelemnul
  2464 | D:4      | Noticed Natasha
  2468 | D:4      | Your ally Natasha died
  2471 | D:4      | Killed Natasha
  2594 | D:4      | Found a hide-covered altar of Uskayaw.
  2635 | D:4      | Noticed Natasha
  2641 | D:4      | Killed Natasha
  2653 | D:4      | Noticed sigtrap's ghost (amateur DsGl)
  2654 | D:4      | Found a runed translucent gate.
  2654 | D:4      | Found a runed translucent gate.
  2655 | D:4      | Found a runed translucent gate.
  2674 | D:4      | Found a glowing silver altar of Zin.
  2674 | D:4      | Found a white marble altar of Elyvilon.
  2676 | D:4      | Found a glowing golden altar of the Shining One.
  2706 | D:4      | Noticed Sigmund
  2730 | D:4      | Killed Sigmund
  2731 | D:4      | Reached skill level 6 in Maces & Flails
  2946 | D:4      | Killed sigtrap's ghost
  2947 | D:4      | Reached skill level 7 in Maces & Flails
  3307 | D:3      | Bought a scroll of identify for 22 gold pieces
  3307 | D:3      | Bought a scroll of teleportation for 33 gold pieces
  3307 | D:3      | Bought a scroll of identify for 22 gold pieces
  3309 | D:3      | Gained mutation: Your magical capacity is low. (-10% MP)
                  | [potion of mutation]
  3310 | D:3      | Lost mutation: Your magical capacity is low. (-10% MP)
                  | [potion of mutation]
  3310 | D:3      | Gained mutation: You are resistant to electric shocks.
                  | (rElec) [potion of mutation]
  3310 | D:3      | Gained mutation: You are agile. (Dex +4, Str/Int -1)
                  | [potion of mutation]
  3310 | D:3      | Gained mutation: You are very agile. (Dex +8, Str/Int -2)
                  | [potion of mutation]
  3311 | D:3      | Lost mutation: You are very agile. (Dex +8, Str/Int -2)
                  | [potion of mutation]
  3311 | D:3      | Lost mutation: You are agile. (Dex +4, Str/Int -1) [potion
                  | of mutation]
  3311 | D:3      | Lost mutation: You are resistant to electric shocks.
                  | (rElec) [potion of mutation]
  3311 | D:3      | Gained mutation: You have sharp fingernails. [potion of
                  | mutation]
  3311 | D:3      | Gained mutation: You have a somewhat thin skeletal
                  | structure. (Dex +2, Stealth+) [potion of mutation]
  3311 | D:3      | Gained mutation: A frigid envelope surrounds you and
                  | freezes all who hurt you. [potion of mutation]
  3373 | D:4      | Fell from the grace of Yredelemnul
  3373 | D:4      | Became a worshipper of the Shining One
  3415 | D:5      | Entered Level 5 of the Dungeon
  3461 | D:5      | Reached XP level 8. HP: 59/70 MP: 7/7
  3470 | D:5      | Reached skill level 5 in Armour
  3720 | D:5      | Noticed a shadow wraith
  3720 | D:5      | Noticed a bog body
  3728 | D:5      | Slain by a shadow wraith

Illustrated notes

Levels and vault maps discovered:
D:1:      minmay_arrival_five_plusses, layout_loops_ring,
          hellmonk_ecumenical_altar_defaced_shrine, grunt_decor_fettered,
          minmay_split_cup_large
D:2:      minmay_spotlight, layout_rooms, basic_altar,
          kennysheep_generic_room_11
D:3:      layout_loops_ring, serial_shops, shop_scrolls, serial_bayou_pond_e,
          uniq_jessica
D:4:      layout_gridville, dreamdust_divine_triumvirate,
          eat_drink_and_be_merry_uskayaw, gammafunk_ghost_split,
          hangedman_abyss_or_decor_passed, uniq_sigmund, uniq_natasha
D:5:      layout_basic, minmay_temple_entry_overgrown

Skill      XL: |  1  2  3  4  5  6  7  8 |
---------------+-------------------------+-----
Fighting       | 3 4 5 6 |  6.3
Ranged Weapons | 5 |  5.4
Maces & Flails | 1 2 4 5 7 |  7.7
Armour         | 1 2 3 4 5 |  5.2
Dodging        | |  2.2
Stealth        | |  0.8

Action                   |  1- 3 |  4- 6 |  7- 9 || total
-------------------------+-------+-------+-------++-------
Melee: Flail             |    17 |       |       ||    17
       Whip              |    21 |    51 |    31 ||   103
       Headbutt          |     4 |    17 |    13 ||    34
       Morningstar       |       |    37 |    34 ||    71
       Punch             |       |     1 |       ||     1
 Fire: Shortbow          |    41 |       |       ||    41
  Use: Scroll            |       |     5 |     7 ||    12
       Potion            |       |       |     5 ||     5
 Stab: Distracted        |       |     1 |       ||     1
Armor: Ring mail         |    34 |    35 |     2 ||    71
       Chain mail        |       |       |    27 ||    27
Dodge: Dodged            |    56 |    54 |    33 ||   143
